 Dungeon Crawl Stone Soup version 0.18-a0-1497-g788d838 (webtiles) character file.

62 milladamen the Covered (level 4, 0/40 HPs)
             Began as a Hill Orc Fighter on Mar 4, 2016.
             Succumbed to Terence's poison
             ... on level 2 of the Dungeon.
             The game lasted 00:03:40 (997 turns).

milladamen the Covered (Hill Orc Fighter)            Turns: 997, Time: 00:03:41

Health: 0/40       AC:  9    Str: 19    XL:     4   Next: 8%
Magic:  4/4        EV:  7    Int:  8    God:
Gold:   38         SH:  9    Dex: 10    Spells: 0 memorised, 3 levels left

rFire  . . .     SeeInvis .     a - +0 war axe
rCold  . . .     Gourm    .     b - +1 scale mail
rNeg   . . .     Faith    .     c - +0 shield
rPois  .         Spirit   .     (no helmet)
rElec  .         Dismiss  .     (no cloak)
rCorr  .         Reflect  .     h - +0 pair of gloves
SustAt +         Harm     .     (no boots)
MR     .....                    (no amulet)
Stlth  ..........               (no ring)
                                m - ring of sustain attributes

@: lethally poisoned (0 -> -23), not resistant to hostile enchantments,
extremely unstealthy
A: no striking features
a: no special abilities


You were on level 2 of the Dungeon.
You were hungry.

You visited 1 branch of the dungeon, and saw 2 of its levels.

You collected 38 gold pieces.

Inventory:

Hand Weapons
 a - a +0 war axe (weapon)
Armour
 b - a +1 scale mail (worn)
 c - a +0 shield (worn)
 h - a +0 pair of gloves (worn)
Jewellery
 m - a ring of sustain attributes (left hand)
Scrolls
 e - a scroll of teleportation {unknown}
 i - a scroll of enchant weapon {unknown}
 n - 3 scrolls of identify
 o - a scroll of amnesia {unknown}
 q - a scroll of noise {unknown}
Potions
 d - a potion of might
 j - a potion of agility {unknown}
 k - a potion of curing {unknown}
 l - a potion of resistance {unknown}
 p - 3 potions of lignification
Comestibles
 f - 2 bread rations
 g - a meat ration


   Skills:
 + Level 4.0 Fighting
 + Level 3.2 Axes
 + Level 4.0 Armour
 + Level 0.5 Dodging
 + Level 4.0 Shields


You had 3 spell levels left.
You didn't know any spells.

Dungeon Overview and Level Annotations

Branches:
Dungeon (2/15)

Altars:
Fedhas
Vehumet

Annotations:
D:2 Terence


Message History

You are lethally poisoned!
Something hits you but does no damage.
You are more poisoned.
You barely miss something.
* * * LOW HITPOINT WARNING * * *
You feel sick. You block something's attack.
You hit something but do no damage.
* * * LOW HITPOINT WARNING * * *
You feel sick. You block something's attack.
You hit something.
* * * LOW HITPOINT WARNING * * *
You feel sick. Something hits you but does no damage.
You are more poisoned.
Something hits you but does no damage.
You hit something but do no damage.
* * * LOW HITPOINT WARNING * * *
You feel very sick. You block something's attack.
Your shield prevents you from hitting something.
You die...

#........ .# #........
.. ####........ #.
##........... . #.
##..##........ ..####.##
#..###........
#.......###...##h.......
........[.#....†........
......)@†(..##.#........
......).....##..#.......
.......#############...#
....... ##.## .......
##.... ....... ...##....
....... ..._#....
##..... ....##.###
...8####..


There were no monsters in sight!

Vanquished Creatures
  2 adders (D:2)
  3 worms (D:2)
  2 dart slugs (D:1)
  A giant gecko (D:1)
  3 bats
  A giant cockroach (D:1)
  5 goblins
  4 hobgoblins (D:2)
  2 jackals (D:2)
  A quokka (D:2)
  A giant newt (D:2)
  4 kobolds
  A rat (D:1)
30 creatures vanquished.

Notes
Turn   | Place    | Note
--------------------------------------------------------------
     0 | D:1      | milladamen the Hill Orc Fighter began the quest for the Orb.
     0 | D:1      | Reached XP level 1. HP: 19/19 MP: 1/1
   181 | D:1      | Reached XP level 2. HP: 25/27 MP: 2/2
   804 | D:2      | Reached XP level 3. HP: 28/33 MP: 3/3
   883 | D:2      | Found a blossoming altar of Fedhas.
   931 | D:2      | Found a radiant altar of Vehumet.
   984 | D:2      | Noticed Terence
   990 | D:2      | Reached XP level 4. HP: 14/40 MP: 4/4
   997 | D:2      | Succumbed to Terence's poison

Vault maps used:
D:1:      dpeg_arrival_round_a, dk_noncrumbling_3, glass_columns_a,
          kennysheep_another_room, minmay_cut_off
D:2:      fedhas_altar_1, nicolae_overflow_hidden_temple, uniq_terence

Skill      XL: |  1  2  3 |
---------------+----------+-----
Axes           | 3 |  3.2
Shields        | 4 |  4.0
Armour         | 4 |  4.0
Fighting       | 4 |  4.0
Dodging        | |  0.5

Action                   |  1- 3 |  4- 6 || total
-------------------------+-------+-------++-------
Melee: War axe           |   110 |     7 ||   117
  Use: Scroll            |     7 |       ||     7
